 Dungeon Crawl Stone Soup version 0.28-a0-172-g787e458d71 (webtiles) character file.

Game seed: 1911401785440762469

2221 Supercliff the Thaumaturge (level 9, -2/48 HPs)
             Began as a Deep Elf Conjurer on July 25, 2021.
             Was an Initiate of Gozag.
             Slain by a boulder beetle (22 damage)
             ... on level 7 of the Dungeon on Aug 16, 2021.
             The game lasted 00:36:30 (8381 turns).

Supercliff the Thaumaturge (Deep Elf Conjurer)      Turns: 8381, Time: 00:36:31

Health: -2/48      AC:  9    Str:  7    XL:     9   Next: 13%
Magic:  10/25      EV: 16    Int: 26    God:    Gozag
Gold:   170        SH:  0    Dex: 12    Spells: 8/28 levels left

rFire   . . .      SeeInvis .   w - +2 dagger (speed)
rCold   . . .      Faith    .   (no shield)
rNeg    . . .      Spirit   .   x - +2 robe of the Black Moon {Str+3}
rPois   +          Reflect  .   (helmet restricted)
rElec   .          Harm     .   (no cloak)
rCorr   .          Rampage  .   (no gloves)
Will    .....                   f - +0 pair of boots
Stlth   ++........              (no amulet)
HPRegen 0.16/turn               j - ring of poison resistance
MPRegen 0.19/turn               g - +4 ring of evasion

@: studying Bows
A: horns 1, iridescent scales 2, clumsy 1
a: Renounce Religion, Potion Petition, Call Merchant, Bribe Branch


You were on level 7 of the Dungeon.
You worshipped Gozag.
Gozag was aware of your devotion.
You visited 2 branches of the dungeon, and saw 8 of its levels.
You also visited: Ossuary.

You collected 379 gold pieces.
You spent 131 gold pieces at shops.
You paid 78 gold pieces to Gozag.

Inventory:

Hand Weapons
 l - a +1 dagger of venom
 w - a +2 dagger of speed (weapon)
Missiles
 k - 90 arrows
Armour
 f - a +0 pair of boots (worn)
 x - the +2 robe of the Black Moon (worn) {Str+3}
   (You bought it in a shop on level 2 of the Dungeon)

   Str:       It affects your strength (+3).
Jewellery
 g - a +4 ring of evasion (right hand)
 j - a ring of poison resistance (left hand)
 p - a ring of wizardry
 q - a ring of resist corrosion
 u - an amulet of guardian spirit
Wands
 d - a wand of flame (13)
Scrolls
 a - a scroll of summoning {unknown}
 c - 3 scrolls of identify
 e - 4 scrolls of enchant armour
 m - a scroll of fear
 o - a scroll of brand weapon
 v - 3 scrolls of teleportation
Potions
 b - a potion of mutation
 h - 5 potions of curing
 i - 2 potions of brilliance
 n - 2 potions of heal wounds
 r - a potion of ambrosia {unknown}
 s - a potion of might {unknown}


   Skills:
 - Level 2.0 Fighting
 - Level 2.4 Dodging
 - Level 2.4 Stealth
 + Level 10.2 Spellcasting
 + Level 9.4 Conjurations
 * Level 6.5 Hexes


You had 8 spell levels left.
You knew the following spells:

 Your Spells              Type           Power      Damage    Failure   Level
a - Magic Dart            Conj           100%       1d8       1%          1
b - Searing Ray           Conj           100%       3d7       1%          2
c - Fulminant Prism       Conj/Hex       26%        3d14      1%          4
d - Tukima's Dance        Hex            47%        N/A       1%          3
e - Fireball              Conj/Fire      18%        3d9       19%         5
f - Iskenderun's Battles  Conj           58%        2d11      2%          5

Your spell library contained the following spells:

 Spells                   Type           Power      Damage    Failure   Level
 Dazzling Flash           Conj/Hex       100%       N/A       1%          3
 Iskenderun's Mystic Bla  Conj/Tloc      37%        2d9       6%          4
 Gell's Gravitas          Tloc           6%         N/A       14%         3
 Lesser Beckoning         Tloc           6%         N/A       14%         3
 Ozocubu's Armour         Ice            13%        N/A       14%         3
 Teleport Other           Tloc           13%        N/A       14%         3
 Yara's Violent Unravell  Hex/Tmut       15%        3d8       32%         5
 Passage of Golubria      Tloc           N/A        N/A       41%         4
 Orb of Destruction       Conj           29%        9d11      61%         7
 Conjure Ball Lightning   Conj/Air       18%        3x3d6     69%         6
 Ozocubu's Refrigeration  Ice            6%         4d6       100%        7


Dungeon Overview and Level Annotations

Branches:
Dungeon (7/15)             Temple (1/1) D:6         Ossuary (visited)

Altars:
Ashenzari
Cheibriados
Dithmenos
Elyvilon
Fedhas
Gozag
Hepliaklqana
Kikubaaqudgha
Makhleb
Nemelex Xobeh
Okawaru
Qazlal
Ru
Sif Muna
Trog
Uskayaw
Vehumet
Wu Jian
Xom
Yredelemnul
The Shining One

Shops:
D:2 [

Annotations:
D:4 Dowan


Innate Abilities, Weirdness & Mutations

You have a pair of small horns on your head.
You are mostly covered in iridescent scales. (AC +4)
You are clumsy. (Dex -2)


Message History

The barrage of energy hits the boulder beetle.
The boulder beetle is almost dead.
Aiming: Magic Dart (safe; 1% risk of failure)
Press: ? - help, Q - select action, (/) - cycle Shift-Dir - straight line, f/p - boulder beetle
Aim: a boulder beetle (almost dead, ally target, 100% to hit)
Okay, then.
The boulder beetle curls into a ball and begins rolling!
Aiming: Magic Dart (safe; 1% risk of failure)
Press: ? - help, Q - select action, (/) - cycle Shift-Dir - straight line, f/p - boulder beetle
Aim: a boulder beetle (almost dead, rolling, ally target, 100% to hit)
The magic dart hits the boulder beetle but does no damage.
The boulder beetle is almost dead.
Your battlesphere fires!
The barrage of energy hits the boulder beetle but does no damage.
The boulder beetle is almost dead.
Aiming: Magic Dart (safe; 1% risk of failure)
Press: ? - help, Q - select action, (/) - cycle Shift-Dir - straight line, f/p - boulder beetle
Aim: a boulder beetle (almost dead, rolling, ally target, 100% to hit)
The magic dart hits the boulder beetle but does no damage.
The boulder beetle is almost dead.
Your battlesphere fires!
The barrage of energy hits the boulder beetle but does no damage.
The boulder beetle is almost dead.
Your battlesphere expends the last of its energy and dissipates.
Casting: Magic Dart (safe; 1% risk of failure)
Confirm with . or Enter, or press ? or * to list all spells.
Aiming: Searing Ray (safe; 1% risk of failure)
Press: ? - help, Shift-Dir - straight line, f/p - boulder beetle
Aim: a boulder beetle (almost dead, rolling, 100% to hit)
The searing ray hits the boulder beetle but does no damage.
The boulder beetle is almost dead. (Press . to maintain the ray.)
The boulder beetle hits you!!
Ouch! That really hurt!
The boulder beetle stops rolling and uncurls.
The searing ray hits the boulder beetle but does no damage.
The boulder beetle is almost dead.
The boulder beetle bites you!!
You die...
Your body crumbles into a pile of gold.

.....# .#.# .
..... ...>..# ....
....... ..##.#....
#.#.....#
#.#.##..# #)).#..#
##.....#####..
#..<#.@......#
#.....#..B....####
...###....###...#
$........... #...
. ###..#..#.. ..
............ .
##.########## #. .


You could see a boulder beetle.

Vanquished Creatures
  A wyvern (D:5)
  A wraith (Ossuary)
  Eustachio (D:4)
  2 water moccasins
  An acid dragon (D:5)
  An ice beast (D:6)
  Duvessa (D:4)
  A hornet zombie (D:5)
  A centaur (D:7)
  3 ogres
  A phantom (D:5)
  A kobold brigand (D:5)
  A gnoll sergeant (D:5)
  A scorpion (D:4)
  A water moccasin skeleton (D:6)
  A centaur zombie (D:6)
  2 centaur skeletons (D:6)
  2 orc priests
  A bullfrog skeleton (D:5)
  2 iguanas (D:6)
  An orc wizard (D:6)
  A hound zombie (D:5)
  3 mummies (Ossuary)
  5 gnolls (D:5)
  8 adders
  An ufetubus (D:5)
  2 worms (D:2)
  A dart slug (D:3)
  10 orcs
  5 bats
  An endoplasm (D:1)
  3 giant cockroaches
  8 goblins
  6 hobgoblins
  2 jackals (D:2)
  19 kobolds
  3 quokkas
  9 ball pythons
  6 frilled lizards
  A gnoll zombie (Ossuary)
  3 goblin zombies (Ossuary)
  4 hobgoblin zombies (Ossuary)
  4 kobold zombies (Ossuary)
  5 rats
  A fulminant prism (D:5)
138 creatures vanquished.

Vanquished Creatures (collateral kills)
  An orc (D:6)
1 creature vanquished.

Vanquished Creatures (others)
  9 fulminant prisms
9 creatures vanquished.

Grand Total: 148 creatures vanquished

Notes
Turn   | Place    | Note
-------+----------+-------------------------------------------
     0 | D:1      | Supercliff the Deep Elf Conjurer began the quest for the
                  | Orb.
     0 | D:1      | Reached XP level 1. HP: 10/10 MP: 6/6
    16 | D:1      | Upgraded the game from 0.28-a0-10-g964c8b829e to
                  | 0.28-a0-79-g444c7a33f5
   235 | D:1      | Reached XP level 2. HP: 15/15 MP: 4/8
   392 | D:1      | Learned a level 2 spell: Searing Ray
   524 | D:1      | You fall into a shaft and drop 1 floor!
   543 | D:2      | Reached skill level 4 in Spellcasting
   597 | D:2      | Found Josh's Antique Armour Emporium.
   822 | D:1      | Reached skill level 5 in Conjurations
   822 | D:1      | Reached XP level 3. HP: 19/19 MP: 6/10
   875 | D:1      | Found a faded altar of an unknown god.
  2058 | D:2      | Reached XP level 4. HP: 24/24 MP: 8/12
  2595 | D:3      | Reached skill level 1 in Fighting
  2599 | D:3      | Reached skill level 5 in Spellcasting
  2725 | D:3      | Reached XP level 5. HP: 29/29 MP: 7/14
  3667 | D:4      | Noticed an ogre
  3672 | D:4      | Killed an ogre
  3673 | D:4      | Reached skill level 6 in Spellcasting
  3673 | D:4      | Reached XP level 6. HP: 34/34 MP: 10/17
  3839 | D:4      | Noticed Eustachio
  3846 | D:4      | Learned a level 4 spell: Fulminant Prism
  3850 | D:4      | Learned a level 3 spell: Ozocubu's Armour
  3892 | D:4      | Gained mutation: You are clumsy. (Dex -2) [potion of
                  | mutation]
  3892 | D:4      | Gained mutation: You have a pair of small horns on your
                  | head. [potion of mutation]
  3892 | D:4      | Gained mutation: You are partially covered in iridescent
                  | scales. (AC +2) [potion of mutation]
  3892 | D:4      | Gained mutation: You are mostly covered in iridescent
                  | scales. (AC +4) [potion of mutation]
  3933 | D:4      | Noticed Dowan
  3936 | D:4      | Noticed Duvessa
  4105 | D:4      | Killed Eustachio
  4337 | D:4      | Killed Duvessa
  4338 | D:4      | Reached skill level 7 in Spellcasting
  4338 | D:4      | Reached XP level 7. HP: 40/40 MP: 11/19
  4633 | D:5      | Entered Level 5 of the Dungeon
  4762 | D:5      | Found a sand-covered staircase.
  4767 | Ossuary  | Entered an ossuary
  4767 | Ossuary  | Noticed a wraith
  4767 | Ossuary  | Noticed a wraith
  4767 | Ossuary  | Noticed a wraith
  4952 | Ossuary  | Noticed a wraith
  4965 | Ossuary  | Killed a wraith
  4966 | Ossuary  | Reached skill level 8 in Spellcasting
  4966 | Ossuary  | Reached skill level 1 in Hexes
  5582 | D:5      | Noticed a wyvern
  5586 | D:5      | Killed a wyvern
  5587 | D:5      | Reached XP level 8. HP: 43/44 MP: 15/22
  5684 | D:5      | Reached skill level 9 in Spellcasting
  6062 | D:5      | Learned a level 3 spell: Tukima's Dance
  6722 | D:6      | Found a staircase to the Ecumenical Temple.
  6732 | D:6      | Reached skill level 5 in Hexes
  6738 | Temple   | Entered the Ecumenical Temple
  6985 | Temple   | Became a worshipper of Gozag Ym Sagoz the Greedy
  7121 | D:2      | Bought a heavily jewelled robe for 131 gold pieces
  7121 | D:2      | Identified the +2 robe of the Black Moon {Str+3} (You
                  | bought it in a shop on level 2 of the Dungeon)
  7564 | D:6      | Learned a level 5 spell: Fireball
  7570 | D:6      | Learned a level 5 spell: Iskenderun's Battlesphere
  7768 | D:6      | Upgraded the game from 0.28-a0-79-g444c7a33f5 to
                  | 0.28-a0-172-g787e458d71
  7815 | D:6      | Reached skill level 10 in Spellcasting
  7910 | D:6      | Reached XP level 9. HP: 48/48 MP: 19/25
  8363 | D:7      | Noticed a boulder beetle
  8381 | D:7      | Slain by a boulder beetle

Illustrated notes

Levels and vault maps discovered:
D:1:      tarquinn_simple_flora_water_e, layout_basic,
          dreamdust_ecumenical_altar_grove, minmay_crystal_room,
          minmay_indecisive_spiral
D:2:      layout_basic, serial_shops, shop, minmay_cupped
D:3:      layout_basic, minmay_misc_feat_enclosed
D:4:      layout_loops_ring, uniq_duvessa, uniq_eustachio
D:5:      layout_basic, nicolae_ossuary_entry_plus
D:6:      layout_gridville, minmay_temple_entry_glass
D:7:      lemuel_castle_with_subvaults [lemuel_castle_interior_original],
          layout_rooms, minmay_diced_spiral, uniq_maggie
Temple:   kilobyte_greek_temple

Skill      XL: |  1  2  3  4  5  6  7  8  9 |
---------------+----------------------------+-----
Spellcasting   | 4 5 6 7 8 10 | 10.2
Conjurations   | 5 6 7 8 9 |  9.4
Fighting       | 1 2 |  2.0
Hexes          | 2 5 6 |  6.5
Dodging        | |  2.4
Stealth        | |  2.4

Action                   |  1- 3 |  4- 6 |  7- 9 || total
-------------------------+-------+-------+-------++-------
Melee: Dagger            |    11 |    16 |    24 ||    51
       Headbutt          |       |     1 |     2 ||     3
 Cast: Magic Dart        |    85 |    67 |    81 ||   233
       Searing Ray       |     1 |     9 |    27 ||    37
       Ozocubu's Armour  |       |     1 |       ||     1
       Fulminant Prism   |       |       |    10 ||    10
       Tukima's Dance    |       |       |     2 ||     2
       Iskenderun's Batt |       |       |     1 ||     1
  Use: Potion            |       |     6 |     4 ||    10
       Scroll            |       |     2 |     9 ||    11
 Stab: Sleeping          |     1 |       |       ||     1
Armor: Robe              |     4 |    17 |    14 ||    35
Dodge: Dodged            |    10 |    25 |    48 ||    83

Table legend: (Time is in decaauts)
 A = Elapsed time spent in this place.
 B = Non-inter-level travel time spent in this place.
 C = Inter-level travel time spent in this place.
 D = Time resting spent in this place.
 E = Time spent auto-exploring this place.
 F = Levels seen in this place.
 G = Mean time per level.
                   A        B        C        D        E       F      G
               +--------+--------+--------+--------+--------+-----+--------+
         Total |   8383 |   7997 |    386 |   2148 |   4862 |   9 |  931.4 |
       Dungeon |   7128 |   6776 |    352 |   1667 |   4348 |   7 | 1018.3 |
        Temple |    514 |    480 |     34 |    230 |    189 |   1 |  514.0 |
       Ossuary |    740 |    740 |      0 |    251 |    325 |   1 |  740.0 |
               +--------+--------+--------+--------+--------+-----+--------+

Top non-repeatable levels by time:
     D:5: 1444 daAuts
     D:2: 1325 daAuts
     D:4: 1308 daAuts
     D:1: 1046 daAuts
     D:3: 1028 daAuts
     D:6: 867 daAuts
 Ossuary: 740 daAuts
  Temple: 514 daAuts
     D:7: 108 daAuts
